 Dungeon Crawl Stone Soup version 0.31-a0-819-gf6de2f5ab6 (webtiles) character file.

Game seed: 11966552133005746000

23 qw the Shooter (level 2, -11/17 HPs)
             Began as a Gargoyle Hunter on Sept 23, 2023.
             Killed by an exploding hobgoblin (28 damage)
             ... ignited by their inner flame
             ... on level 1 of the Dungeon.
             The game lasted 00:00:17 (982 turns).

qw the Shooter (Gargoyle Hunter)                     Turns: 982, Time: 00:00:17

Health: -11/17     AC:  5    Str: 14    XL:     2   Next: 95%
Magic:  2/2        EV: 11    Int:  9    God:
Gold:   77         SH:  0    Dex: 13    Spells: 1/1 levels left

rFire   . . .        Y - +0 shortbow
rCold   . . .        (shield currently unavailable)
rNeg    + . .        c - +0 leather armour
rPois   inf          (no helmet)
rElec   +            (no cloak)
rCorr   .            (no gloves)
SInv    .            (no boots)
Will    .....        (no amulet)
Stlth   +            (no ring)
HPRegen 0.22/turn    (no ring)
MPRegen 0.08/turn

%: no passive effects
@: very slow
A: sickness immunity, AC +2, negative energy resistance 1, electricity
resistance, torment resistance 1, petrification resistance
a: no special abilities


You were on level 1 of the Dungeon.
You visited 1 branch of the dungeon, and saw 1 of its levels.

You collected 77 gold pieces.


Innate Abilities, Weirdness & Mutations

You are immune to sickness and miasma.
Your stone body is resilient. (AC +2)
You are immune to poison.
You resist negative energy. (rN+)
You are resistant to electric shocks. (rElec)
You are resistant to unholy torment.
You are immune to petrification.


   Skills:
 - Level 2.1 Fighting
 + Level 4.8 Ranged Weapons
 - Level 1.5 Dodging
 - Level 1.1 Stealth


You had one spell level left.
You didn't know any spells.
Your spell library was empty.

Inventory:

Hand Weapons
 Y - a +0 shortbow (weapon)
Armour
 c - a +0 leather armour (worn)
Scrolls
 b - a scroll of butterflies
 h - a scroll of silence {unknown}
 i - 2 scrolls of identify {unknown}
 j - a scroll of teleportation {unknown}
Potions
 d - a potion of haste {unknown}

Dungeon Overview and Level Annotations

Branches:
Dungeon (1/15)

Altars:


Message History

There is an open door here.
i - 2 scrolls labelled QUREIG KAYS (gained 1)
There is an open door here.
You see here a +0 plate armour.
j - a scroll labelled YNOVVONIXI
There is an open door here.
There is an open door, spattered with blood here.
You enter the shallow water.
Moving in this stuff is going to be slow.
Done exploring.
Done exploring.
980 ||| READING scroll labelled LUWUAN CA MEMP.
The air fills with toxic fumes!
As you read the scroll labelled LUWUAN CA MEMP, it crumbles to dust.
It was a scroll of poison.
Done exploring.
981 ||| READING scroll labelled AVUINE ZAWKA.
As you read the scroll labelled AVUINE ZAWKA, it crumbles to dust.
Wisps of shadow whirl around you...
It was a scroll of summoning.
Done exploring.
982 ||| READING scroll labelled XILUBOI RESOAP.
As you read the scroll labelled XILUBOI RESOAP, it crumbles to dust.
The creatures around you are filled with an inner flame!
It was a scroll of immolation.
Your goblin is engulfed in poison gas.
Your goblin is poisoned.
Your goblin's corpse dissolves into shadows!
Your goblin explodes!
You smell burning wood.
The fiery explosion engulfs your hobgoblin!!
Your hobgoblin's corpse dissolves into shadows!
The tree burns like a torch!
The fiery explosion engulfs the plant!!
The plant begins to die.
The plant is lightly damaged.
Your hobgoblin explodes!
The fiery explosion engulfs the plant!!!
The plant is heavily damaged.
The fiery explosion engulfs you!!
Ouch! That really hurt!
You die...

P~~.~P~P..#############...#######
~~~.~P~7.........................
P~~.~~~7###############...#######
~~~.PP~~# ##### #... ~7~.~P~7#
#.## 77~.~~7# #.# 7~.~~7 ##7# #.#
77P.~~7# ###¤¤7## #.# 7P~.~~~7
7¤¤P@J¤## #.# 7~~.~~~7 7¤¤¤¤¤J¤#
#.# 7P~.~P~7 7¤¤¤P¤P7#
########.## 7~P.P~~77
777¤¤¤¤¤¤7###..........
)7~.~~P~777¤¤¤¤¤¤¤¤¤#.>...####.##
#~~.~~~~P~¤P¤¤¤¤¤¤¤7#.....####.##
##7.~~~P~¤¤¤¤¤¤¤¤¤7¤...........##
#........¤¤¤¤¤¤¤¤¤¤¤¤.....#######
#.).~~~~~~~~~~~P~P7..........####


You could see 2 friendly endoplasms.

Vanquished Creatures
  6 bats (D:1)
  3 endoplasms (D:1)
  A giant cockroach (D:1)
  2 goblins (D:1)
  A hobgoblin (D:1)
  2 jackals (D:1)
  A kobold (D:1)
  A quokka (D:1)
  2 rats (D:1)
19 creatures vanquished.

Notes
Turn   | Place    | Note
-------+----------+-------------------------------------------
     0 | D:1      | qw the Gargoyle Hunter began the quest for the Orb.
     0 | D:1      | Reached XP level 1. HP: 12/12 MP: 1/1
     0 | D:1      | 0 ||| qw: Version: 0.3-a-83-gcd0e7d8
     0 | D:1      | 0 ||| qw: Game counter: 1400
     0 | D:1      | 0 ||| qw: Melee chars always use a shield: true
     0 | D:1      | 0 ||| qw: God list: Okawaru
     0 | D:1      | 0 ||| qw: Allow faded altars: false
     0 | D:1      | 0 ||| qw: Do Orc after clearing Dungeon:15 true
     0 | D:1      | 0 ||| qw: Do second Lair branch before Depths: true
     0 | D:1      | 0 ||| qw: Lair rune preference: random
     0 | D:1      | 0 ||| qw: Goals: Normal
     0 | D:1      | 0 ||| PLANNING D:1-11
   143 | D:1      | Reached XP level 2. HP: 17/17 MP: 2/2
   836 | D:1      | Found a faded altar of an unknown god.
   980 | D:1      | 980 ||| READING scroll labelled LUWUAN CA MEMP.
   981 | D:1      | 981 ||| READING scroll labelled AVUINE ZAWKA.
   982 | D:1      | 982 ||| READING scroll labelled XILUBOI RESOAP.
   982 | D:1      | Killed by an exploding hobgoblin... ignited by their inner
                  | flame

Levels and vault maps discovered:
D:1:      amcnicky_arrival_single_pillar, layout_loops_ring,
          shapermc_ecumenical_altar_mp_vishouse, dk_noncrumbling_2,
          minmay_misc_feat_nine_boxes, hangedman_decor_points,
          serial_bayou_lagoon_b

Action                     || total
---------------------------++-------
   Fire: Shortbow          ||    67
    Use: Scroll            ||     3
 Armour: Leather armour    ||    30
  Dodge: Dodged            ||    29

Table legend:
 A = Non-vault XP
 B = Vault XP
 C = Vault XP percentage of total XP
 D = Non-vault monster count
 E = Vault monster count
 F = Vault count percentage of total count
                 A         B        C        D         E       F
            +---------+---------+-------+---------+---------+-------
      Total |      33 |       0 |   0.0 |      19 |       0 |   0.0
            +---------+---------+-------+---------+---------+-------
        D:1 |      33 |       0 |   0.0 |      19 |       0 |   0.0
            +---------+---------+-------+---------+---------+-------
